 Dungeon Crawl Stone Soup version 0.28.0-53-g5a82cb258f (webtiles) character file.

Game seed: 606102853285419689

30 DocClef the Poker (level 3, 0/27 HPs)
             Began as a Merfolk Gladiator on June 29, 2022.
             Succumbed to an adder's poison
             ... on level 2 of the Dungeon.
             The game lasted 00:01:18 (1651 turns).

DocClef the Poker (Merfolk Gladiator)               Turns: 1651, Time: 00:01:19

Health: 0/27       AC:  4    Str: 15 (16) XL:     3   Next: 20%
Magic:  3/3        EV: 12    Int:  6 (7)  God:
Gold:   74         SH:  0    Dex: 12 (15) Spells: 2/2 levels left

rFire   . . .      SeeInvis .   a - +0 trident
rCold   . . .      Faith    .   (no shield)
rNeg    . . .      Spirit   .   b - +0 leather armour
rPois   .          Reflect  .   c - +0 helmet
rElec   .          Harm     .   (no cloak)
rCorr   .          Rampage  .   (no gloves)
Will    .....                   (no boots)
Stlth   +.........              (no amulet)
HPRegen 0.09/turn               (no ring)
MPRegen 0.08/turn               (no ring)

@: lethally poisoned (0 -> -1)
A: (nimble swimmer 2), mertail
a: no special abilities


You were on level 2 of the Dungeon.
You visited 1 branch of the dungeon, and saw 2 of its levels.

You collected 74 gold pieces.

Inventory:

Hand Weapons
 a - a +0 trident (weapon)
Missiles
 d - 3 throwing nets (quivered)
 e - 4 poisoned darts
Armour
 b - a +0 leather armour (worn)
 c - a +0 helmet (worn)
Scrolls
 g - a scroll of holy word {unknown}
 h - a scroll of identify {unknown}
 i - a scroll of silence {unknown}
Potions
 j - a potion of brilliance {unknown}


   Skills:
 - Level 2.1 Fighting
 + Level 6.2 Polearms
 - Level 2.0 Throwing
 - Level 4.0 Dodging


You had 2 spell levels left.
You didn't know any spells.
Your spell library contained the following spells:

 Spells                   Type           Power      Damage    Failure   Level
 Stone Arrow              Conj/Erth      0%         3d7       88%         3
 Animate Armour           Summ/Erth      0%         N/A       99%         4
 Lehudib's Crystal Spear  Conj/Erth      0%         10d2      100%        8


Dungeon Overview and Level Annotations

Branches:
Dungeon (2/15)

Altars:


Innate Abilities, Weirdness & Mutations

((You are very nimble when in or above water. (Stealth+, EV+, Speed+++)))
Your lower body shifts to a powerful aquatic tail in water.


Message History

You feel sick.
You hit the adder but do no damage.
You feel sick.
You are no longer poisoned.
The adder completely misses you. The adder closely misses you.
You hit the adder.
The adder is lightly wounded.
The adder barely misses you.
You puncture the adder!
The adder is severely wounded.
The adder bites you.
* * * LOW HITPOINT WARNING * * *
You miss the adder.
The adder is severely wounded.
The adder bites you.
* * * LOW HITPOINT WARNING * * *
You are lethally poisoned!
The adder poisons you! The adder barely misses you.
You barely miss the adder.
The adder is severely wounded.
* * * LOW HITPOINT WARNING * * *
You feel sick. The adder closely misses you.
You hit the adder.
You kill the adder!
* * * LOW HITPOINT WARNING * * *
You feel sick. The ball python completely misses you.
The ball python misses you.
Your Polearms skill increases to level 6!
You have reached level 3!
Your experience leads to an increase in your attributes!
Increase (S)trength, (I)ntelligence, or (D)exterity?
You feel stronger. x2
You barely miss the ball python.
* * * LOW HITPOINT WARNING * * *
You feel sick. The ball python closely misses you.
The ball python barely misses you.
Unknown command.
It was a potion of degeneration.
There was something very wrong with that liquid.
You feel weakened.
You feel dopey.
You feel clumsy.
You die...

#....... #......#
#......#
..##......###.#
..............#
......>.#.#####.#
..####..........#
#.##S####### #.
#@# #$ #.# #.
#.######## #.
#........# #.
########.# ####.#
#..).# #.#### #.#


You could see a ball python.

Vanquished Creatures
  An adder (D:2)
  2 dart slugs (D:1)
  2 endoplasms
  2 goblins (D:2)
  2 hobgoblins
  2 kobolds
  A quokka (D:1)
  2 ball pythons (D:1)
  4 rats (D:1)
18 creatures vanquished.

Notes
Turn   | Place    | Note
-------+----------+-------------------------------------------
     0 | D:1      | DocClef the Merfolk Gladiator began the quest for the Orb.
     0 | D:1      | Reached XP level 1. HP: 16/16 MP: 1/1
   474 | D:1      | Reached skill level 5 in Polearms
   522 | D:1      | Reached XP level 2. HP: 22/22 MP: 2/2
  1103 | D:1      | Found a faded altar of an unknown god.
  1649 | D:2      | HP: 1/22 [poisoned by an adder]
  1650 | D:2      | Reached skill level 6 in Polearms
  1650 | D:2      | Reached XP level 3. HP: 2/27 MP: 3/3
  1651 | D:2      | Succumbed to an adder's poison

Illustrated notes

Levels and vault maps discovered:
D:1:      nicolae_arrival_memento_mori, layout_loops_corners,
          hellmonk_ecumenical_altar_inner_sanctum,
          chequers_serial_rivers_large_a
D:2:      layout_basic, basic_altar, minmay_between

Skill      XL: |  1  2 |
---------------+-------+-----
Polearms       | 5 6 |  6.2
Fighting       | |  2.1
Throwing       | |  2.0
Dodging        | |  4.0

Action                   || total
-------------------------++-------
Melee: Trident           ||    77
  Use: Potion            ||     1
Armor: Leather armour    ||     9
Dodge: Dodged            ||    31
